 Dungeon Crawl Stone Soup version 0.32-a0-818-gb728d0252e (webtiles) character file.

Game seed: 7660463753215527051

1285 porpoise the Spear-Bearer (level 8, 0/62 (64) HPs)
             Began as a Demonspawn Gladiator on Mar 25, 2024.
             Slain by a yak (7 damage)
             ... on level 6 of the Dungeon.
             The game lasted 00:16:02 (4535 turns).

porpoise the Spear-Bearer (Demonspawn Gladiator)    Turns: 4535, Time: 00:16:02

HP:   0/62 (64)     AC:  9    Str: 18    XL:     8   Next: 29%
MP:   8/8           EV: 10    Int:  8    God:
Gold: 172           SH:  0    Dex: 14    Spells: 7/7 levels left

rFire   . . .        a - +1 trident
rCold   . . .        (no shield)
rNeg    . . .        q - +0 ring mail
rPois   .            (helmet restricted)
rElec   .            (no cloak)
rCorr   .            j - +0 pair of gloves
SInv    .            r - +0 pair of boots
Will    .....        (no amulet)
Stlth   +            (no ring)
HPRegen 0.30/turn    (no ring)
MPRegen 0.11/turn

%: no passive effects
@: about to teleport, wreathed by umbra, lightly drained
A: antennae 1, slimy green scales 1, ignite blood 1, foul shadow 2
a: no special abilities


You were on level 6 of the Dungeon.
You visited 1 branch of the dungeon, and saw 6 of its levels.

You collected 205 gold pieces.
You spent 33 gold pieces at shops.

Inventory:

Hand Weapons
 a - a +1 trident (weapon)
 b - a +0 sling
Missiles
 d - 3 throwing nets (quivered)
 e - a javelin
 v - 20 poisoned darts
Armour
 h - an orb of mayhem
 j - a +0 pair of gloves (worn)
 q - a +0 ring mail (worn)
 r - a +0 pair of boots (worn)
Jewellery
 w - an amulet of magic regeneration
Scrolls
 c - a scroll of immolation {unknown}
 f - 2 scrolls of teleportation
 g - a scroll of enchant armour {unknown}
 l - a scroll of fear
 m - 3 scrolls of enchant weapon
 s - a scroll of poison {unknown}
 t - 2 scrolls of silence
Potions
 i - a potion of ambrosia
 k - a potion of brilliance
 o - 3 potions of curing
 p - 2 potions of attraction
 u - a potion of berserk rage
 x - a potion of lignification {unknown}


   Skills:
 + Level 6.1 Fighting
 * Level 8.0 Polearms
 - Level 1.7 Throwing
 - Level 2.6 Dodging


You had 7 spell levels left.
You didn't know any spells.
Your spell library contained the following spells:

 Spells                   Type           Power      Damage    Failure   Level
 Jinxbite                 Hex            0%         N/A       75%         2
 Fugue of the Fallen      Necr           0%         N/A       93%         3
 Ozocubu's Armour         Ice            0%         N/A       93%         3
 Animate Dead             Necr           0%         N/A       100%        4
 Manifold Assault         Tloc           0%         N/A       100%        4
 Alistair's Intoxication  Alch           0%         N/A       100%        5
 Borgnjor's Vile Clutch   Necr/Erth      0%         N/A       100%        5
 Summon Forest            Summ/Tloc      0%         N/A       100%        5
 Yara's Violent Unravell  Hex/Alch       0%         3d3       100%        5
 Eringya's Noxious Bog    Alch           0%         4d6       100%        6
 Enfeeble                 Hex            0%         N/A       100%        7
 Haunt                    Necr/Summ      0%         N/A       100%        7
 Summon Hydra             Summ           0%         N/A       100%        7
 Infestation              Necr           0%         N/A       100%        8


Dungeon Overview and Level Annotations

Branches:
Dungeon (6/15)
 Temple: D:4-7

Altars:
Hepliaklqana
Ru
Wu Jian

Shops:
D:3 !   D:5 *

Annotations:
D:6 Jeremiah


Innate Abilities, Weirdness & Mutations

You have a pair of small antennae on your head.
You are partially covered in slimy green scales. (AC +2)
Your demonic aura sometimes causes spilled blood to erupt in flames.
You are shadowed, sometimes releasing foul flame when damaged in melee.


Message History

You puncture the yak!
The yak is severely wounded.
The yak gores you.
The yak is seared by the foul flame within you!
The yak is almost dead.
You hit the yak.
You kill the yak!
Your Fighting skill increases to level 6!
Your Polearms skill increases to level 8!
You hit the yak.
The yak is lightly wounded.
Your surroundings seem slightly different.
As you read the scroll of teleportation, it crumbles to dust.
You feel strangely unstable. The yak barely misses you.
The ufetubus barely misses you.
The ufetubus hits you but does no damage.
You puncture the yak!
The yak is moderately wounded.
The yak closely misses you. The ufetubus closely misses you.
The ufetubus barely misses you.
You hit the yak but do no damage.
The yak is moderately wounded.
The ufetubus hits you.
The ufetubus hits you but does no damage.
You closely miss the yak.
The yak is lightly wounded.
The ufetubus hits you.
* * * LOW HITPOINT WARNING * * *
The ufetubus hits you but does no damage.
The yak gores you!
* * * LOW HITPOINT WARNING * * *
The yak gores you.
* * * LOW HITPOINT WARNING * * *
The yak is seared by the foul flame within you!
The yak is moderately wounded.
The ufetubus misses you. The ufetubus barely misses you.
You hit the yak but do no damage.
The yak is moderately wounded.
The yak gores you!
You die...

#.# #.........# #.#
#.........# #.#
#.........# #.#
#.........####### ##.#
.........##....### #..#
#.#.# #......# #### #.##
#.#.###......##.... #.#
#...YY.........Y.(. #.#
###.#@...........F!
#.###########.5........#
.#
#..........#..........##
.#
##########.#..........#
..# #.#..##...#..##..#
#†#.###....b.....###♣
#.#.......#.........♣
#.#......##..#######♣
#.#.#...###..#


You could see 2 yaks and an ufetubus.

Vanquished Creatures
  2 yaks (D:6)
  A water moccasin (D:4)
  An ice beast (D:5)
  A sky beast (D:6)
  A phantom (D:5)
  A kobold brigand (D:5)
  2 scorpions (D:4)
  A howler monkey (D:4)
  3 hounds
  2 jellies
  A sleepcap (D:6)
  2 iguanas
  Terence (D:2)
  7 adders
  A shadow imp (D:5)
  A white imp (D:5)
  An ufetubus (D:6)
  A dart slug (D:2)
  3 ribbon worms
  An orc (D:4)
  5 ball pythons
  5 bats
  8 endoplasms
  6 giant cockroaches
  8 goblins
  3 hobgoblins
  2 jackals (D:4)
  10 kobolds
  3 quokkas
  2 frilled lizards
  4 rats (D:1)
90 creatures vanquished.

Notes
Turn   | Place    | Note
-------+----------+-------------------------------------------
     0 | D:1      | porpoise the Demonspawn Gladiator began the quest for the
                  | Orb.
     0 | D:1      | Reached XP level 1. HP: 16/16 MP: 1/1
   176 | D:1      | Reached skill level 3 in Polearms
   177 | D:1      | Gained mutation: You are faintly shadowed, very rarely
                  | releasing foul flame when damaged in melee. [demonic
                  | ancestry]
   177 | D:1      | Reached XP level 2. HP: 22/22 MP: 2/2
   757 | D:2      | Gained mutation: You have a pair of small antennae on your
                  | head. [demonic ancestry]
   757 | D:2      | Reached XP level 3. HP: 28/28 MP: 3/3
  1012 | D:2      | Noticed Terence
  1023 | D:2      | Killed Terence
  1024 | D:2      | Reached skill level 4 in Polearms
  1024 | D:2      | Gained mutation: You are partially covered in slimy green
                  | scales. (AC +2) [demonic ancestry]
  1024 | D:2      | Reached XP level 4. HP: 30/34 MP: 4/4
  1677 | D:3      | Found Duell's Distillery.
  1683 | D:3      | Bought a potion of curing for 33 gold pieces
  2371 | D:4      | Noticed a water moccasin
  2381 | D:4      | Killed a water moccasin
  2382 | D:4      | Reached skill level 5 in Polearms
  2382 | D:4      | Reached XP level 5. HP: 37/42 MP: 5/5
  2443 | D:4      | Found a sacrificial altar of Ru.
  2443 | D:4      | Found a hazy altar of Hepliaklqana.
  2581 | D:4      | Gained mutation: You are shadowed, sometimes releasing foul
                  | flame when damaged in melee. [demonic ancestry]
  2581 | D:4      | Reached XP level 6. HP: 22/48 MP: 6/6
  3095 | D:5      | Entered Level 5 of the Dungeon
  3156 | D:5      | Reached skill level 6 in Polearms
  3455 | D:5      | Noticed an ice beast
  3470 | D:5      | Gained mutation: Your demonic aura sometimes causes spilled
                  | blood to erupt in flames. [demonic ancestry]
  3470 | D:5      | Reached XP level 7. HP: 45/55 MP: 7/7
  3593 | D:5      | Reached skill level 5 in Fighting
  3720 | D:5      | Found an ornate altar of the Wu Jian Council.
  3813 | D:5      | Found Oteoz's CLEARANCE SALE!.
  4163 | D:6      | Reached skill level 7 in Polearms
  4473 | D:6      | Noticed Jeremiah
  4473 | D:6      | Noticed a yak
  4497 | D:6      | Killed a yak
  4498 | D:6      | Reached XP level 8. HP: 54/64 MP: 8/8
  4525 | D:6      | HP: 2/54 [yak (13)]
  4530 | D:6      | Reached skill level 8 in Polearms
  4535 | D:6      | Slain by a yak

Illustrated notes

Levels and vault maps discovered:
D:1:      mushboom_english_gardens, layout_loops_ring, serial_park_tiny_1
D:2:      layout_basic, amcnicky_mini_pool_small, grunt_decor_mini_mirrors,
          minmay_pentomino_z4, uniq_terence
D:3:      layout_basic, serial_shops, nicolae_shop_industrial_runoff
D:4:      layout_cave_pools, chequers_temple_overflow_statue_of_worship,
          dreamdust_princess_bridge
D:5:      layout_loops_ring, nicolae_wu_jian_wuxing_cycle,
          mrwooster_statue_mirror, nicolae_shop_clearance
D:6:      layout_loops_ring, mainiacjoe_overflow_six_doors_small,
          cheibrodos_worm_habitat, uniq_jeremiah

Skill      XL: |  1  2  3  4  5  6  7  8 |
---------------+-------------------------+-----
Polearms       | 3 4 5 6 7 8 |  8.0
Fighting       | 3 4 5 6 |  6.1
Throwing       | |  1.7
Dodging        | |  2.6

Action                     |  1- 3 |  4- 6 |  7- 9 || total
---------------------------+-------+-------+-------++-------
  Melee: Trident           |    95 |   180 |   114 ||   389
   Fire: Sling             |       |     6 |     3 ||     9
  Throw: Throwing net      |     1 |       |       ||     1
    Use: Scroll            |       |     8 |     5 ||    13
         Potion            |       |       |     2 ||     2
   Stab: Sleeping          |     2 |       |       ||     2
 Armour: Leather armour    |    32 |     3 |       ||    35
         Ring mail         |       |    78 |    81 ||   159
         Scale mail        |       |     7 |       ||     7
  Dodge: Dodged            |    46 |    72 |    52 ||   170

Table legend: (Time is in decaauts)
 A = Elapsed time spent in this place.
 B = Non-inter-level travel time spent in this place.
 C = Inter-level travel time spent in this place.
 D = Time resting spent in this place.
 E = Time spent auto-exploring this place.
 F = Levels seen in this place.
 G = Mean time per level.
                   A        B        C        D        E       F      G
               +--------+--------+--------+--------+--------+-----+--------+
         Total |   4552 |   4416 |    136 |    550 |   2983 |   6 |  758.7 |
       Dungeon |   4552 |   4416 |    136 |    550 |   2983 |   6 |  758.7 |
               +--------+--------+--------+--------+--------+-----+--------+

Top non-repeatable levels by time:
     D:5: 962 daAuts
     D:2: 847 daAuts
     D:3: 840 daAuts
     D:4: 735 daAuts
     D:1: 694 daAuts
     D:6: 472 daAuts
